 Dungeon Crawl Stone Soup version 0.25-a0-1056-g2efb326896 (webtiles) character file.

Game seed: 17030722666334023651, levelgen mode: deterministic

26302 Flugslaktarn the Cleaver (level 12, -1/114 HPs)
             Began as a Deep Dwarf Fighter on May 13, 2020.
             Was a High Priest of Makhleb.
             Slain by Rupert
             ... wielding a +2 battleaxe of freezing
              (39 damage)
             ... on level 5 of the Lair of Beasts.
             The game lasted 00:08:23 (10222 turns).

Flugslaktarn the Cleaver (Deep Dwarf Fighter)      Turns: 10222, Time: 00:08:24

Health: -1/114     AC: 23    Str: 23    XL:     12   Next: 97%
Magic:  3/3 (10)   EV:  7    Int: 10    God:    Makhleb [*****.]
Gold:   457        SH: 12    Dex: 13    Spells: 11/11 levels left

rFire    . . .     SeeInvis .   a - +8 broad axe (antimagic)
rCold    . . .     Gourm    .   c - +0 kite shield
rNeg     + . .     Faith    .   C - +0 plate armour
rPois    +         Spirit   .   s - +0 helmet
rElec    .         Reflect  .   m - +2 cloak {rPois}
rCorr    .         Harm     .   k - +1 pair of gloves
MR       +....                  I - +0 pair of boots
Stlth    ..........             (no amulet)
HPRegen  0.00/turn              v - +1 ring of evasion
MPRegen  0.08/turn              l - ring of positive energy

@: non-regenerating
A: damage resistance, heal wounds, sense surroundings 2, no regeneration
a: Heal Wounds, Minor Destruction, Lesser Servant of Makhleb, Major Destruction,
Greater Servant of Makhleb, Renounce Religion


You were on level 5 of the Lair of Beasts.
You worshipped Makhleb.
Makhleb was extremely pleased with you.
You were not hungry.

You visited 3 branches of the dungeon, and saw 17 of its levels.
You also visited: Ossuary.

You collected 964 gold pieces.
You spent 507 gold pieces at shops.

Inventory:

Hand Weapons
 a - a +8 antimagic broad axe (weapon)
   (You bought it in a shop on level 4 of the Dungeon)
 b - a +1 war axe of flaming
   (You took it off Maggie on level 8 of the Dungeon)
Missiles
 n - a throwing net (quivered)
Armour
 c - a +0 kite shield (worn)
 j - a +0 chain mail
   (You found it on level 1 of the Dungeon)
 k - a +1 pair of gloves (worn)
   (You found it on level 6 of the Dungeon)
 m - a +2 cloak of poison resistance (worn)
   (You acquired it on level 4 of the Dungeon)
 s - a +0 helmet (worn)
   (You found it on level 9 of the Dungeon)
 u - a +0 hat of magic resistance
   (You took it off Gastronok on level 8 of the Dungeon)
 C - a +0 plate armour (worn)
   (You took it off an orc warrior on level 6 of the Dungeon)
 I - a +0 pair of boots (worn)
   (You found it on level 3 of the Lair of Beasts)
Jewellery
 l - a ring of positive energy (right hand)
   (You found it on level 1 of the Lair of Beasts)
 v - a +1 ring of evasion (left hand)
   (You found it on level 9 of the Dungeon)
Wands
 p - a wand of iceblast (3)
   (You found it on level 8 of the Dungeon)
 A - a wand of acid (12)
   (You found it on level 11 of the Dungeon)
 J - a wand of paralysis (13)
   (You found it on level 4 of the Lair of Beasts)
Scrolls
 i - 2 scrolls of magic mapping
 r - 2 scrolls of identify
 t - 3 scrolls of teleportation
 x - a scroll of remove curse
 y - a scroll of fear
 z - 2 scrolls of blinking
 H - a scroll of enchant weapon
 K - 2 scrolls of enchant armour
Potions
 d - 3 potions of might
 f - 2 potions of lignification
 g - 2 potions of invisibility
 h - 3 potions of haste
 o - a potion of cancellation
 q - 6 potions of curing
 w - 6 potions of heal wounds
 B - a potion of mutation
 D - 4 potions of flight
 F - a potion of ambrosia
 G - a potion of berserk rage {unknown}
Comestibles
 e - 21 rations
 E - 6 chunks of flesh


   Skills:
 + Level 9.0 Fighting
 * Level 14.0 Axes
 + Level 10.5 Armour
 + Level 10.5 Shields
 + Level 10.8 Invocations


You had 11 spell levels left.
You didn't know any spells.
Your spell library was empty.

Dungeon Overview and Level Annotations

Branches:
Dungeon (11/15)            Temple (1/1) D:5            Lair (5/6) D:11
 Shoals (0/4) Lair:4        Snake (0/4) Lair:2        Slime (0/5) Lair:5
    Orc (0/2) D:9         Ossuary (visited)

Altars:
Ashenzari
Cheibriados
Dithmenos
Elyvilon
Fedhas
Hepliaklqana
Kikubaaqudgha
Makhleb
Nemelex Xobeh
Okawaru
Ru
Trog
Uskayaw
Vehumet
Wu Jian
Xom
Yredelemnul
Zin

Shops:
D:4 (

Annotations:
D:9 2 transporters, Cleanse's ghost, novice HOFi
Lair:5 Rupert


Innate Abilities, Weirdness & Mutations

You are resistant to damage.
You can heal yourself by infusing magical energy.
You passively map the area around you.
You do not regenerate.


Message History

You hit Rupert.
Rupert's magic leaks into the air.
Rupert is severely wounded.
Rupert burns!
Rupert hits you with a +2 battleaxe of freezing!
Rupert freezes you.
You hit Rupert.
Rupert's magic leaks into the air.
Rupert is severely wounded.
Rupert burns!
Rupert stops burning.
Rupert hits you with a +2 battleaxe of freezing!
Rupert freezes you.
You feel much better. You block Rupert's attack.
Rupert hits you with a +2 battleaxe of freezing!!
Rupert freezes you.
You hit Rupert.
Rupert's magic leaks into the air.
Rupert is severely wounded.
Rupert hits you but does no damage.
You hit Rupert.
Rupert's magic leaks into the air.
Rupert is severely wounded.
Rupert hits you with a +2 battleaxe of freezing!!!
You die...

###.P......###
#..........#
##........#.#
#.....#.#..##
##....P.#####
#...........#
##.........#
##........###
#.#....@....# *
* ####P..@...##
, , ##.....## ,
, *##......# ,
,,,., #.......#
, ...P#.......#*
, ,
#...........#.#
*
*###..........##
** *
#..........#


You could see Rupert (berserk).

Vanquished Creatures
  Gastronok (D:8)
  A hydra (Lair:4)
  Harold (D:8)
  A centaur warrior (D:9)
  Erica (D:8)
  A catoblepas (Lair:4)
  Nergalle (Lair:4)
  An unseen horror (D:11)
  A wizard (D:7)
  2 black mambas
  Maggie (D:8)
  4 spiny frogs
  A komodo dragon (D:11)
  2 rime drakes (Lair:3)
  2 trolls (D:11)
  2 polar bears
  A hornet (D:7)
  3 blink frogs (Lair:5)
  3 hippogriffs
  4 dream sheep (Lair:4)
  A shadow (D:11)
  A wyvern (D:8)
  17 yaks
  2 hungry ghosts
  2 basilisks
  A steam dragon (Lair:4)
  A naga (Lair:2)
  7 water moccasins
  11 porcupines
  A sky beast (D:10)
  An ice beast (D:6)
  4 orc warriors
  3 phantoms
  An eye of draining (D:9)
  4 black bears
  2 wolves (D:11)
  5 ogres
  9 crocodiles
  7 centaurs
  9 bullfrogs
  3 big kobolds
  2 gnoll sergeants
  6 scorpions
  6 troll zombies (D:9)
  21 killer bees
  9 wights
  6 electric eels (D:9)
  A howler monkey (D:5)
  6 crimson imps
  2 centaur zombies
  2 bullfrog zombies
  4 jellies
  2 bullfrog skeletons
  5 hounds
  10 orc priests
  A gnoll shaman (D:4)
  7 orc wizards
  A centaur skeleton (D:5)
  4 hell rats (Lair:4)
  9 worker ants
  2 ogre zombies (D:9)
  A hound zombie (D:5)
  4 hound skeletons
  4 mummies
  A worker ant zombie (D:9)
  14 gnolls
  10 adders
  3 shadow imps
  An ooze (D:2)
  4 adder zombies
  2 adder skeletons
  3 worms
  3 dart slugs
  8 leopard geckos
  32 orcs
  7 giant cockroaches
  2 goblins (D:3)
  2 hobgoblins
  7 jackals
  13 kobolds
  A quokka (D:6)
  2 ball pythons
  A ball python zombie (D:5)
  2 bats
  A giant cockroach zombie (D:5)
  A goblin skeleton (D:9)
  3 goblin zombies
  2 hobgoblin skeletons (D:9)
  6 hobgoblin zombies
  2 jackal skeletons
  6 kobold zombies (Ossuary)
  4 orc skeletons (D:9)
  12 orc zombies (D:9)
  A quokka skeleton (D:4)
  3 rats
  3 rat zombies (Ossuary)
  5 fungi
  6 plants
414 creatures vanquished.

Vanquished Creatures (others)
  A two-headed ogre (D:5)
  Maurice (D:8)
  2 orcs (D:5)
  2 hobgoblin zombies (D:9)
  2 kobolds (D:9)
  4 fungi
  6 plants (D:9)
18 creatures vanquished.

Grand Total: 432 creatures vanquished

Notes
Turn   | Place    | Note
-------+----------+-------------------------------------------
     0 | D:1      | Flugslaktarn the Deep Dwarf Fighter began the quest for the
                  | Orb.
     0 | D:1      | Reached XP level 1. HP: 20/20 MP: 1/1
   104 | D:2      | Reached XP level 2. HP: 25/27 MP: 2/2
   353 | D:2      | Reached skill level 3 in Axes
   375 | D:3      | Reached XP level 3. HP: 28/33 MP: 3/3
   502 | D:4      | Reached XP level 4. HP: 25/42 MP: 4/4
   550 | D:4      | Noticed an ogre
   559 | D:4      | Killed an ogre
   559 | D:4      | Reached skill level 4 in Axes
   559 | D:4      | Reached XP level 5. HP: 28/49 MP: 5/5
   618 | D:4      | Reached XP level 6. HP: 36/56 MP: 5/5
   654 | D:4      | Found Vuolak's Weapon Shoppe.
   926 | D:4      | Reached skill level 5 in Axes
  1081 | D:4      | Found an ancient bone altar of Kikubaaqudgha.
  1082 | D:4      | Found a glowing silver altar of Zin.
  1082 | D:4      | Found a radiant altar of Vehumet.
  1134 | D:4      | Found a sand-covered staircase.
  1143 | Ossuary  | Entered an ossuary
  1208 | Ossuary  | Reached XP level 7. HP: 57/64 MP: 6/6
  1398 | D:4      | Identified a scroll of acquirement
  1440 | D:5      | Entered Level 5 of the Dungeon
  1451 | D:5      | Reached skill level 5 in Armour
  1463 | D:5      | Reached skill level 5 in Shields
  1482 | D:5      | Noticed a two-headed ogre
  1487 | D:5      | Reached skill level 6 in Axes
  1490 | D:5      | Found a staircase to the Ecumenical Temple.
  1501 | Temple   | Entered the Ecumenical Temple
  1624 | Temple   | Became a worshipper of Makhleb the Destroyer
  1691 | D:5      | Killed a two-headed ogre
  1691 | D:5      | Reached skill level 7 in Axes
  1691 | D:5      | Reached XP level 8. HP: 53/73 MP: 3/5
  1798 | D:5      | Found a hazy altar of Hepliaklqana.
  1832 | D:5      | Found a hide-covered altar of Uskayaw.
  1835 | D:5      | Noticed a +0 hand axe
  1836 | D:5      | Noticed a +0 dagger
  2188 | D:6      | Reached skill level 5 in Fighting
  2259 | D:6      | Reached * piety under Makhleb
  2262 | D:6      | Reached skill level 8 in Axes
  2367 | D:6      | Gained mutation: You passively map the area around you.
                  | [Deep Dwarf growth]
  2367 | D:6      | Reached XP level 9. HP: 49/81 MP: 7/7
  2494 | D:6      | Found a shattered altar of Ashenzari.
  2494 | D:6      | Found a shadowy altar of Dithmenos.
  2805 | D:7      | Noticed a wizard
  2834 | D:7      | Killed a wizard
  2834 | D:7      | Reached skill level 9 in Axes
  2834 | D:7      | Reached skill level 5 in Invocations
  2844 | D:7      | Got a faintly glowing hat
  2850 | D:7      | Identified the +1 hat of Calculation {rC- Regen+ Int-4
                  | Dex+7} (You found it on level 7 of the Dungeon)
  3225 | D:7      | Reached ** piety under Makhleb
  3240 | D:7      | Found a sparkling altar of Nemelex Xobeh.
  3525 | D:8      | Noticed Erica
  3558 | D:8      | Killed Erica
  3558 | D:8      | Reached skill level 10 in Axes
  3558 | D:8      | Reached XP level 10. HP: 90/92 MP: 9/9
  3750 | D:8      | Noticed Maurice
  3761 | D:8      | Killed Maurice
  3861 | D:8      | Noticed Gastronok
  3918 | D:8      | Killed Gastronok
  3940 | D:8      | Noticed Harold
  3958 | D:8      | Killed Harold
  3958 | D:8      | Reached skill level 11 in Axes
  4125 | D:8      | Noticed Maggie
  4145 | D:8      | Killed Maggie
  4145 | D:8      | Reached XP level 11. HP: 57/100 MP: 10/10
  4552 | D:9      | Noticed a centaur warrior
  4579 | D:9      | Killed a centaur warrior
  4744 | D:9      | Reached *** piety under Makhleb
  4883 | D:9      | Found a staircase to the Orcish Mines.
  4910 | D:9      | Found a white marble altar of Elyvilon.
  4916 | D:9      | Found a transporter.
  4918 | D:9      | Identified the +1 dire flail of Frustration {vorpal, MR++
                  | Str+5 Int+2}
  4918 | D:9      | Identified the +5 dire flail of Duty {vorpal, rPois rC+
                  | MP+9}
  4918 | D:9      | Noticed a two-headed ogre
  4918 | D:9      | Noticed Cleanse's ghost (novice HOFi)
  4922 | D:9      | Found a transporter.
  4929 | D:9      | Reached **** piety under Makhleb
  5461 | D:10     | Entered Level 10 of the Dungeon
  5554 | D:10     | Found a hide-covered altar of Uskayaw.
  5684 | D:10     | Reached skill level 12 in Axes
  6241 | D:11     | Killed an unseen horror
  6260 | D:11     | Reached ***** piety under Makhleb
  6356 | D:11     | Reached XP level 12. HP: 107/110 MP: 7/9
  6374 | D:11     | Found a staircase to the Lair.
  7002 | D:4      | Bought a +5 antimagic broad axe for 507 gold pieces
  7151 | Lair:1   | Entered Level 1 of the Lair of Beasts
  7888 | Lair:2   | Reached skill level 13 in Axes
  7999 | Lair:2   | Found a staircase to the Snake Pit.
  8187 | Lair:2   | Reached skill level 10 in Invocations
  8330 | Lair:3   | Reached skill level 10 in Armour
  8496 | Lair:3   | Reached skill level 10 in Shields
  9028 | Lair:4   | Noticed Nergalle
  9033 | Lair:4   | Killed Nergalle
  9180 | Lair:4   | Found a staircase to the Shoals.
  9370 | Lair:4   | Noticed a catoblepas
  9381 | Lair:4   | Killed a catoblepas
  9394 | Lair:4   | Noticed a six-headed hydra
  9405 | Lair:4   | Killed a one-headed hydra
  9933 | Lair:5   | Found a staircase to the Slime Pits.
 10164 | Lair:5   | Reached skill level 14 in Axes
 10200 | Lair:5   | Noticed Rupert
 10222 | Lair:5   | Slain by Rupert

Illustrated notes

Levels and vault maps discovered:
D:1:      scummos_arrival_checkerplants, layout_loops_ring, amethyst_killhole
D:2:      minmay_kobold_bridge, layout_loops_ring, first_ration
D:3:      mumra_celtic_spiral_tile, layout_basic, grunt_temple_overflow_open
D:4:      layout_basic, minitemple, gup_ossuary_entry_pyramid,
          kennysheep_small_circle
D:5:      layout_cave_pools, dancing_weapons_uskayaw,
          nicolae_overflow_hidden_temple, minmay_temple_entry_large_hall,
          kennysheep_generic_room_8
D:6:      layout_rooms, gammafunk_temple_overflow_elements
D:7:      cheibrodos_wizards_tower, layout_basic,
          nemelex_xobeh_ov_fountains_minmay
D:8:      layout_loops_corners, uniq_erica, uniq_maggie, uniq_harold,
          uniq_gastronok, uniq_maurice
D:9:      layout_rooms, lemuel_crystal_altar, zombieorc2_lemuel, serial_bayou,
          serial_bayou_lagoon_a, serial_bayou_shore_a, serial_bayou_shore_b,
          serial_bayou_lake_a, gammafunk_ghost_smash
D:10:     layout_loops_ring, basic_altar
D:11:     layout_basic, minmay_lair_entry_grove
Temple:   nicolae_temple_figure_zero
Lair:1:   layout_roguey
Lair:2:   layout_hall_layers, guppyfry_snake_entry_island,
          serial_bayou_crossing, lemuel_fruit_tree
Lair:3:   layout_roguey, beast_lair_carwin_11
Lair:4:   layout_regular_city, shoals_dummy_entry, ldierk_geyser,
          hibernation_bobbens, grunt_megastairs_4, uniq_nergalle
Lair:5:   layout_cellular_growth, slime_dummy, disabler_island, uniq_rupert

Skill      XL: |  1  2  3  4  5  6  7  8  9 10 11 12 |
---------------+-------------------------------------+-----
Axes           | 3 4 5 7 8 10 11 12 14 | 14.0
Fighting       | 3 4 5 6 7 8 9 |  9.0
Armour         | 4 5 6 7 8 9 10 | 10.5
Shields        | 4 5 6 7 8 9 10 | 10.5
Invocations    | 2 4 6 7 9 10 | 10.8

Action                   |  1- 3 |  4- 6 |  7- 9 | 10-12 || total
-------------------------+-------+-------+-------+-------++-------
Melee: War axe           |    91 |   128 |   370 |   616 ||  1205
       Broad axe         |       |       |       |   252 ||   252
Invok: Minor Destruction |       |       |       |     4 ||     4
       Lesser Servant of |       |       |       |     2 ||     2
 Abil: Heal Wounds       |       |     6 |    14 |    24 ||    44
  Use: Scroll            |       |     6 |     7 |    17 ||    30
       Potion            |       |       |     3 |     1 ||     4
 Stab: Invisible         |       |       |     3 |       ||     3
  Eat: Chunk             |       |     2 |     4 |    16 ||    22
       Ration            |       |       |     1 |     3 ||     4
Armor: Scale mail        |     7 |       |       |       ||     7
       Chain mail        |    66 |    57 |   195 |   287 ||   605
       Plate armour      |       |       |       |   121 ||   121
Dodge: Dodged            |    15 |    25 |    83 |   213 ||   336
Block: Kite shield       |    56 |    76 |   242 |   521 ||   895

Table legend:
 A = Non-vault XP
 B = Vault XP
 C = Vault XP percentage of total XP
 D = Non-vault monster count
 E = Vault monster count
 F = Vault count percentage of total count
                 A         B        C        D         E       F
            +---------+---------+-------+---------+---------+-------
      Total |   27177 |   10398 |  27.7 |     314 |      92 |  22.7
            +---------+---------+-------+---------+---------+-------
        D:1 |       9 |       0 |   0.0 |       4 |       0 |   0.0
        D:2 |      29 |       4 |  12.1 |      12 |       4 |  25.0
        D:3 |       8 |       0 |   0.0 |       4 |       0 |   0.0
        D:4 |     587 |      63 |   9.7 |      27 |       4 |  12.9
        D:5 |    1222 |       1 |   0.1 |      25 |       1 |   3.8
        D:6 |     839 |       0 |   0.0 |      28 |       0 |   0.0
        D:7 |    1579 |     742 |  32.0 |      30 |       1 |   3.2
        D:8 |     968 |    4829 |  83.3 |      14 |       5 |  26.3
        D:9 |    3373 |     754 |  18.3 |      58 |      33 |  36.3
       D:10 |    2180 |       0 |   0.0 |      27 |       0 |   0.0
       D:11 |    4640 |    1501 |  24.4 |      33 |      12 |  26.7
     Temple |      14 |       0 |   0.0 |       1 |       0 |   0.0
     Lair:1 |    1721 |       0 |   0.0 |       7 |       0 |   0.0
     Lair:2 |    1734 |     160 |   8.4 |      10 |       1 |   9.1
     Lair:3 |    2047 |    1225 |  37.4 |      10 |       7 |  41.2
     Lair:4 |    4583 |    1032 |  18.4 |      18 |       3 |  14.3
     Lair:5 |    1644 |       0 |   0.0 |       6 |       0 |   0.0
    Ossuary |       0 |      87 | 100.0 |       0 |      21 | 100.0
            +---------+---------+-------+---------+---------+-------
